 Dungeon Sprint DCSS version 0.29.1-12-g30fa7ad0bf (webtiles) character file.

Game seed: 154857196494247006

5468 Groucho the Unseen (level 10, -34/44 HPs)
             Began as a Spriggan Enchanter on Dec 27, 2022.
             Was a Priest of Dithmenos.
             Killed from afar by a crystal guardian (38 damage)
             ... with a crystal bolt
             ... in the Dungeon (Sprint II: "The Violet Keep of Menkaure").
             The game lasted 00:06:10 (907 turns).

Groucho the Unseen (Spriggan Enchanter)              Turns: 907, Time: 00:06:10

Health: -34/44     AC:  2    Str:  8    XL:     10   Next: 41%
Magic:  28/28      EV: 18    Int: 16    God:    Dithmenos [***...]
Gold:   689        SH:  0    Dex: 17    Spells: 19/36 levels left

rFire   . . .      SeeInvis +   a - +1 dagger
rCold   . . .      Faith    .   (no shield)
rNeg    . . .      Spirit   .   b - +0 robe
rPois   .          Reflect  .   (helmet restricted)
rElec   .          Harm     .   f - scarf {repulsion}
rCorr   .          Rampage  .   (gloves unavailable)
Will    +....      NoTele   +   (boots unavailable)
Stlth   +++++++++.              (no amulet)
HPRegen 0.14/turn               j - ring of flight
MPRegen 0.21/turn               (no ring)

@: flying, wreathed by umbra, repel missiles, very quick
A: very small, no large weapons, unfitting armour, see invisible, speed 3
a: Renounce Religion, Shadow Step


You were in the Dungeon.
You worshipped Dithmenos.
Dithmenos was most pleased with you.
You visited 1 branch You collected 1316 gold pieces.
You spent 627 gold pieces at shops.

Inventory:

Hand Weapons
 a - a +1 dagger (weapon)
Armour
 b - a +0 robe (worn)
 f - a scarf of repulsion (worn)
Jewellery
 j - a ring of flight (left hand)
Scrolls
 c - a scroll of identify {unknown}
 i - a scroll of blinking
Potions
 d - 2 potions of curing
 e - a potion of heal wounds
 g - 2 potions of magic
 h - a potion of berserk rage


   Skills:
 - Level 10.0 Short Blades
 * Level 3.0 Dodging
 - Level 16.0 Stealth
 + Level 13.6 Spellcasting
 * Level 7.8 Conjurations
 + Level 13.7 Hexes
 * Level 9.2 Earth Magic


You had 19 spell levels left.
You knew the following spells:

 Your Spells              Type           Power      Damage    Failure   Level
a - Ensorcelled Hibernat  Hex/Ice        64%        N/A       1%          2
b - Confusing Touch       Hex            53%        N/A       1%          3
c - Dazzling Flash        Conj/Hex       90%        N/A       1%          3
d - Tukima's Dance        Hex            53%        N/A       1%          3
e - Sandblast             Erth           80%        2d17      1%          1
f - Passwall              Tmut/Erth      20%        N/A       1%          2
g - Stone Arrow           Conj/Erth      76%        3d11      1%          3

Your spell library contained the following spells:

 Spells                   Type           Power      Damage    Failure   Level


Dungeon Overview and Level Annotations

Branches:
Dungeon (1/1)

Altars:
Cheibriados
Dithmenos
Elyvilon
Fedhas
Gozag
Hepliaklqana
Kikubaaqudgha
Makhleb
Nemelex Xobeh
Okawaru
Qazlal
Ru
Sif Muna
Trog
Uskayaw
Vehumet
Wu Jian
Xom
Yredelemnul
Zin
The Shining One
Jiyva
Lugonu

Shops:
D !:=!:*=([:?=[(:

Annotations:
D exclusion: oklob plant


Innate Abilities, Weirdness & Mutations

You are very small and have problems with some larger weapons.
You are too small for most types of armour.
You have supernaturally acute eyesight. (SInv)
You cover ground extremely quickly. (Speed+++)


Message History

Unknown command.
Unknown command.
Your +0 longbow falls from the air.
Unknown command.
Unknown command.
Unknown command.
Casting: Tukima's Dance (safe; 1% risk of failure)
Confirm with . or Enter, or press ? or * to list all spells.
You can't see any susceptible monsters within range! (Use Z to cast anyway.) Unknown command.
You see here a +0 longbow.
You see here a +0 leather armour.
You see here a +0 longbow.
Okay, then.
A death drake and a swamp drake come into view.
A death drake, a crystal guardian and a swamp drake come into view.
Found 3 orange potions.
The helpless swamp drake fails to defend itself.
You skewer the swamp drake like a kebab!!!!
You kill the swamp drake!
Dithmenos accepts your kill.
The death drake hisses angrily. x2; The swamp drake roars!
Your Dodging skill increases to level 3!
Really fly into that net trap?
You become entangled in the net!
There is a net trap here.
You see here a throwing net.
You struggle against the net.
The crystal guardian fires a crystalline bolt at you.
The crystal bolt freezes you!!!
Ouch! That really hurt!
* * * LOW HITPOINT WARNING * * *
You emit a cloud of dark smoke.
You struggle against the net.
You tear a large gash into the net.
You rip the net and break free!
The crystal guardian fires a crystalline bolt at you.
The crystal bolt freezes you!!!
Ouch! That really hurt!
You die...

++#++ ####...^#k## ......
#..'..^.#..# ##+#
..#..####.#.k#
##.###.####..'.##k# ..#..#
...#..#..9####
#.#.####..#####..##)# $?)
##'###.##..#..§k9#†.#▓?![((
##.##...#..#.÷#§§#†.#▓!$!?)$
'.<.'.#.'..####§@##.#▓)!"$?(
##.##.).#..§.###§§.##▓▓▓▓▓▓▓
##'###.##......~~§§~~~~~~~~~
#.######~~§....~#'########+##
.##..#~~~~§~~..~#..._._._#~~~
#...##~~§~§~~~.~#_._._._.#~~≈
##+##~~~§§≈~~~~~#._._._._#~~~
~ ~~~~§§§≈≈~§§#_._._._.#§§S
+#~≈≈§§§≈≈~#._._._..#§§~


You could see a death drake and a crystal guardian.

Vanquished Creatures
  A death yak (D)
  2 hell hogs (D)
  A merfolk siren (D)
  A yaktaur (D)
  A hornet (D)
  5 polar bears (D)
  4 neqoxecs (D)
  2 water moccasins (D)
  A swamp drake (D)
  4 scorpions (D)
  3 worms (D)
25 creatures vanquished.

Vanquished Creatures (collateral kills)
  A deep elf master archer (D)
1 creature vanquished.

Vanquished Creatures (others)
  Menkaure (D)
1 creature vanquished.

Grand Total: 27 creatures vanquished

Notes
Turn   | Place    | Note
-------+----------+-------------------------------------------
     0 | D        | Groucho the Spriggan Enchanter began the quest for the Orb.
     0 | D        | Reached XP level 1. HP: 9/9 MP: 5/5
     8 | D        | Reached skill level 5 in Stealth
    12 | D        | Reached skill level 6 in Stealth
    12 | D        | Reached XP level 2. HP: 13/13 MP: 5/7
    15 | D        | Noticed a scorpion
    15 | D        | Noticed a scorpion
    15 | D        | Noticed a scorpion
    15 | D        | Noticed a scorpion
    18 | D        | Killed a scorpion
    19 | D        | Reached skill level 8 in Stealth
    19 | D        | Reached skill level 5 in Hexes
    19 | D        | Reached XP level 3. HP: 16/16 MP: 6/10
    19 | D        | Killed a scorpion
    20 | D        | Reached skill level 10 in Stealth
    20 | D        | Reached skill level 5 in Spellcasting
    20 | D        | Reached XP level 4. HP: 21/21 MP: 6/12
    22 | D        | Killed a scorpion
    23 | D        | Reached skill level 5 in Short Blades
    23 | D        | Reached skill level 11 in Stealth
    23 | D        | Reached XP level 5. HP: 24/24 MP: 6/14
    24 | D        | Reached skill level 12 in Stealth
    27 | D        | Noticed a merfolk siren
    30 | D        | Killed a merfolk siren
    31 | D        | Reached skill level 15 in Stealth
    31 | D        | Reached XP level 6. HP: 28/28 MP: 7/18
    31 | D        | Reached XP level 7. HP: 32/32 MP: 7/20
    34 | D        | Noticed a neqoxec
    37 | D        | Killed a neqoxec
    38 | D        | Noticed a neqoxec
    39 | D        | Killed a neqoxec
    40 | D        | Reached skill level 16 in Stealth
    40 | D        | Reached skill level 10 in Hexes
    40 | D        | Noticed a neqoxec
    40 | D        | Noticed a neqoxec
    42 | D        | Killed a neqoxec
    43 | D        | Reached skill level 10 in Spellcasting
    44 | D        | Killed a neqoxec
    45 | D        | Reached XP level 8. HP: 36/36 MP: 8/23
    63 | D        | Killed Menkaure
    85 | D        | Learned a level 2 spell: Ensorcelled Hibernation
    89 | D        | Learned a level 3 spell: Confusing Touch
    93 | D        | Learned a level 3 spell: Dazzling Flash
    97 | D        | Learned a level 3 spell: Tukima's Dance
    97 | D        | Found Imuischo's Book Shop.
    97 | D        | Found Demur's Jewellery Boutique.
    97 | D        | Found Luday's Weapon Boutique.
    97 | D        | Found Suylakk's Magic Scroll Shop.
    98 | D        | Found Coghethro's Book Shop.
    98 | D        | Found Raylaloi's Antique Armour Boutique.
    98 | D        | Found Atufonk's Antique Weapon Shop.
    98 | D        | Found Beony's Jewellery Boutique.
    99 | D        | Found Vidwer's Antique Armour Shop.
    99 | D        | Found Ytew's Assorted Antiques.
    99 | D        | Found Jiluh's Book Shop.
    99 | D        | Noticed a manticore
    99 | D        | Noticed a manticore
   422 | D        | Found Jyxamo's Distillery.
   422 | D        | Found Fioheod's Jewellery Shop.
   422 | D        | Noticed a manticore
   422 | D        | Noticed an oklob plant
   423 | D        | Found Binoaqin's Book Shoppe.
   423 | D        | Found Fathe's Distillery.
   425 | D        | Noticed an iron elemental
   449 | D        | Bought a book of Geomancy for 252 gold pieces
   451 | D        | Learned a level 1 spell: Sandblast
   454 | D        | Learned a level 2 spell: Passwall
   458 | D        | Learned a level 3 spell: Stone Arrow
   464 | D        | Bought an embroidered scarf for 200 gold pieces
   489 | D        | Bought a ring of flight for 175 gold pieces
   530 | D        | Found a glowing golden altar of the Shining One.
   530 | D        | Found an ornate altar of the Wu Jian Council.
   531 | D        | Found a shimmering altar of Xom.
   531 | D        | Found a sacrificial altar of Ru.
   532 | D        | Found a basalt altar of Yredelemnul.
   532 | D        | Found a shimmering blue altar of Sif Muna.
   533 | D        | Found a stormy altar of Qazlal.
   533 | D        | Found a viscous altar of Jiyva.
   534 | D        | Found a glowing silver altar of Zin.
   534 | D        | Found a bloodstained altar of Trog.
   534 | D        | Found an ancient bone altar of Kikubaaqudgha.
   535 | D        | Found a hide-covered altar of Uskayaw.
   535 | D        | Found a corrupted altar of Lugonu.
   535 | D        | Found a shadowy altar of Dithmenos.
   537 | D        | Found a radiant altar of Vehumet.
   537 | D        | Found a burning altar of Makhleb.
   537 | D        | Found a white marble altar of Elyvilon.
   537 | D        | Found a hazy altar of Hepliaklqana.
   537 | D        | Found a snail-covered altar of Cheibriados.
   538 | D        | Found a sparkling altar of Nemelex Xobeh.
   538 | D        | Found a blossoming altar of Fedhas.
   540 | D        | Found an iron altar of Okawaru.
   540 | D        | Found an opulent altar of Gozag.
   540 | D        | Noticed a hornet
   540 | D        | Noticed a polar bear
   541 | D        | Noticed a yaktaur
   544 | D        | Noticed a flying skull
   545 | D        | Noticed a flying skull
   546 | D        | Noticed a flying skull
   548 | D        | Became a worshipper of Dithmenos the Shadowed
   557 | D        | Noticed a polar bear
   557 | D        | Noticed a polar bear
   558 | D        | Killed a polar bear
   559 | D        | Reached skill level 1 in Conjurations
   559 | D        | Killed a polar bear
   561 | D        | Killed a polar bear
   561 | D        | Reached * piety under Dithmenos
   562 | D        | Reached skill level 10 in Short Blades
   562 | D        | Killed a hornet
   563 | D        | Reached XP level 9. HP: 39/39 MP: 23/25
   565 | D        | Killed a yaktaur
   566 | D        | Reached skill level 5 in Earth Magic
   576 | D        | Noticed a death yak
   577 | D        | Killed a death yak
   577 | D        | Reached ** piety under Dithmenos
   578 | D        | Reached skill level 5 in Conjurations
   588 | D        | Noticed a polar bear
   589 | D        | Noticed a polar bear
   591 | D        | Killed a polar bear
   592 | D        | Killed a polar bear
   602 | D        | Noticed a deep elf master archer
   606 | D        | Noticed a hell hog
   606 | D        | Noticed a hell hog
   608 | D        | Killed a hell hog
   608 | D        | Reached *** piety under Dithmenos
   610 | D        | Killed a hell hog
   611 | D        | Reached XP level 10. HP: 44/44 MP: 26/28
   875 | D        | Killed a deep elf master archer
   896 | D        | Noticed a death drake
   897 | D        | Noticed a death drake
   897 | D        | Noticed a crystal guardian
   907 | D        | Killed from afar by a crystal guardian

Illustrated notes

Levels and vault maps discovered:
D:        the_violet_keep_of_menkaure [sprint2_stairs_cluster_1,
          sprint2_shoproom, sprint2_temple, sprint2_basic_supplies,
          sprint2_obstacle_3, sprint2_obstacle_1, sprint2_obstacle_5,
          sprint2_obstacle_4, sprint2_obstacle_2, sprint2_timed_cluster_1,
          sprint2_smallroom_cluster_1, sprint2_smallroom_final_cluster_1,
          sprint2_transparent_cluster_1, sprint2_second_timed_cluster_1,
          sprint2_sniper_area_1, sprint2_heavy_combat_area_1,
          sprint2_mutation_trap_area_1, sprint2_forest_area_1,
          sprint2_light_combat_area_1, sprint2_behind_water_1,
          sprint2_near_end_vault_1]

Skill      XL: |  1  2  3  4  5  6  7  8  9 10 |
---------------+-------------------------------+-----
Stealth        | 6 8 10 11 15 16 | 16.0
Spellcasting   | 3 4 5 6 8 10 11 13 | 13.6
Hexes          | 4 5 6 8 10 11 13 | 13.7
Short Blades   | 2 3 4 5 7 9 10 | 10.0
Conjurations   | 3 7 |  7.8
Earth Magic    | 4 8 9 |  9.2
Dodging        | 3 |  3.0

Action                   |  1- 3 |  4- 6 |  7- 9 | 10-12 || total
-------------------------+-------+-------+-------+-------++-------
Melee: Dagger            |     6 |     3 |    17 |     1 ||    27
 Cast: Ensorcelled Hiber |       |       |     4 |       ||     4
       Stone Arrow       |       |       |       |     2 ||     2
       Tukima's Dance    |       |       |       |     1 ||     1
  Use: Potion            |     2 |       |     1 |       ||     3
 Stab: Sleeping          |     5 |     3 |    16 |     1 ||    25
Dodge: Dodged            |       |       |     6 |     5 ||    11
